 Dungeon Crawl Stone Soup version 0.29.0-4-gdea44cf6ec (webtiles) character file.

Game seed: 16416148078053839835

3445 qw the Cleaver (level 9, -4/81 HPs)
             Began as a Minotaur Fighter on Sept 8, 2022.
             Was an Initiate of Ru.
             Slain by an orc warrior
             ... wielding a +0 long sword
              (18 damage)
             ... on level 5 of the Dungeon.
             The game lasted 00:02:51 (8271 turns).

qw the Cleaver (Minotaur Fighter)                   Turns: 8271, Time: 00:02:51

Health: -4/81      AC:  2    Str: 25    XL:     9   Next: 77%
Magic:  0/8        EV: 10    Int:  5    God:    Ru [......]
Gold:   451        SH:  5    Dex: 10    Spells: 8/8 levels left

rFire   + . .      SeeInvis .   Y - +2 war axe (elec)
rCold   + . .      Faith    .   c - +0 buckler
rNeg    . . .      Spirit   +   k - +0 ice dragon scales
rPois   .          Reflect  .   (helmet restricted)
rElec   .          Harm     .   (no cloak)
rCorr   .          Rampage  .   (no gloves)
Will    .....                   (no boots)
Stlth   ..........              o - amulet of guardian spirit
HPRegen 0.23/turn               i - ring of protection from fire
MPRegen 0.11/turn               p - ring of fire

@: corroded, flying
A: horns 2, retaliatory headbutt
a: Renounce Religion


You were on level 5 of the Dungeon.
You worshipped Ru.
Ru was noncommittal.
You visited 2 branches of the dungeon, and saw 7 of its levels.

You collected 451 gold pieces.


Innate Abilities, Weirdness & Mutations

You have a pair of horns on your head.
You reflexively headbutt those who attack you in melee.


   Skills:
 - Level 8.0 Fighting
 - Level 13.5 Axes
 - Level 4.1 Armour
 + Level 2.3 Dodging
 - Level 6.8 Shields


You had 8 spell levels left.
You didn't know any spells.
Your spell library was empty.

Inventory:

Hand Weapons
 b - a +0 morningstar
 Y - a +2 war axe of electrocution (weapon)
Armour
 c - a +0 buckler (worn)
 j - a +0 chain mail
 k - +0 ice dragon scales (worn)
Jewellery
 i - a ring of protection from fire (left hand)
 n - a ring of positive energy
 o - an amulet of guardian spirit (around neck)
 p - a ring of fire (right hand)
Wands
 e - a wand of digging (4)
Scrolls
 f - 2 scrolls of identify
Potions
 a - a potion of haste
 d - 2 potions of might
 h - 7 potions of curing

Dungeon Overview and Level Annotations

Branches:
Dungeon (6/15)             Temple (1/1) D:6

Altars:
Ashenzari
Cheibriados
Fedhas
Gozag
Kikubaaqudgha
Makhleb
Nemelex Xobeh
Okawaru
Ru
Sif Muna
Trog
Uskayaw
Vehumet
Wu Jian
Xom
Yredelemnul
Zin

Annotations:
D:4 4 transporters, qw's ghost, amateur FoCA
D:5 1 runed translucent door, Crazy Yiuf


Message History

The orc warrior is heavily wounded.
The orc warrior hits you with a +0 long sword!
You barely miss the orc warrior.
The orc warrior is heavily wounded.
The orc warrior shoots a bolt.
The bolt hits you.
The orc warrior hits you but does no damage.
You closely miss the orc warrior.
The orc warrior is heavily wounded.
You hit the rust devil. You barely miss the orc warrior.
The orc warrior is heavily wounded.
You closely miss the orc warrior. You barely miss the rust devil.
The rust devil hits you. The rust devil corrodes you!
The orc warrior hits you with a +0 long sword!
The orc warrior unwields a +0 arbalest.
The orc warrior wields a +0 dire flail.
The orc warrior hits you with a +0 dire flail!
You barely miss the orc warrior.
You headbutt the orc warrior, but do no damage.
The orc warrior is heavily wounded.
You hit the rust devil but do no damage.
You barely miss the orc warrior. The rust devil barely misses you.
The orc warrior barely misses you.
The orc warrior hits you with a +0 dire flail.
You hit the orc warrior but do no damage.
The orc warrior is heavily wounded.
You hit the rust devil but do no damage. x2
You closely miss the orc warrior. The rust devil hits you.
The rust devil corrodes you! The rust devil hits you.
The rust devil corrodes you!
The orc warrior hits you with a +0 long sword!
The orc warrior hits you with a +0 dire flail.
You closely miss the orc warrior.
The orc warrior is heavily wounded.
You closely miss the orc warrior.
You hit the rust devil but do no damage.
You slash the rust devil! The rust devil completely misses you.
The rust devil hits you! The rust devil corrodes you!
The orc warrior hits you with a +0 long sword!!
You die...

..##......##...###...## #.###....
..........#..###\###..# #.#..)...
#.###.......##7...7##.###.#....##
#.# ######..#).....)#..##.#.##%##
#'## ##.###.....###.##.####.##
...## #..# +..8..+ #.#.......##
....#####..###.....###.##########
.........)..#).o44.)#..# #.
...######...##7.@o7##.## #. ...#
##...###>###..##########. ####
#.....###...#.......#.'. #
##.##......)....###.#.#. #
#.........###...##.#.#. #
##########.......## #....#.#.#. #
#......# #.#####.# ###..#.#.#. #
#).....# #.#<..#.# #....#... #
#......# #.....#.# ###...##..


You could see 2 rust devils and 2 orc warriors.

Vanquished Creatures
  Pikel (D:6)
  A steam dragon (D:6)
  Menkaure (D:5)
  A water moccasin (D:6)
  A sky beast (D:5)
  2 ogres
  An ice beast (D:5)
  7 black bears
  3 phantoms
  4 centaurs (D:6)
  2 necrophages (D:6)
  A gnoll sergeant (D:6)
  A scorpion (D:6)
  4 hounds
  2 gnoll boudas
  2 jellies (D:6)
  2 orc priests
  An iron imp (D:3)
  Jessica (D:2)
  6 orc wizards
  3 iguanas
  6 gnolls
  10 adders
  2 white imps
  A worm (D:3)
  3 dart slugs
  35 orcs
  2 ball pythons
  8 endoplasms
  2 giant cockroaches
  6 hobgoblins
  8 jackals
  5 quokkas
  7 bats
  4 frilled lizards
  6 goblins
  8 kobolds
  4 rats
164 creatures vanquished.

Vanquished Creatures (others)
  5 plants (D:4)
5 creatures vanquished.

Grand Total: 169 creatures vanquished

Notes
Turn   | Place    | Note
-------+----------+-------------------------------------------
     0 | D:1      | qw the Minotaur Fighter began the quest for the Orb.
     0 | D:1      | Reached XP level 1. HP: 19/19 MP: 0/0
     0 | D:1      | 0 ||| qw: Version: 0.1-a-112-g44dc6cd
     0 | D:1      | 0 ||| qw: Game counter: 6647
     0 | D:1      | 0 ||| qw: Always use a shield: true
     0 | D:1      | 0 ||| qw: God list: Ru
     0 | D:1      | 0 ||| qw: Allow faded altars: false
     0 | D:1      | 0 ||| qw: Do Orc after D:15 true
     0 | D:1      | 0 ||| qw: Do second Lair branch before Depths: true
     0 | D:1      | 0 ||| qw: Lair rune preference: random
     0 | D:1      | 0 ||| qw: Plans: Normal
     0 | D:1      | 0 ||| PLANNING D:1-11
    65 | D:1      | Reached skill level 3 in Axes
   288 | D:1      | Reached XP level 2. HP: 26/26 MP: 1/1
   892 | D:1      | 892 ||| UPGRADING to ring of protection from fire.
   893 | D:1      | 893 ||| READING scroll labelled TEVOABREKE.
   894 | D:1      | 894 ||| READING scroll labelled SOOM GOROWYDO.
   995 | D:1      | 995 ||| READING scroll labelled KUISKAEQEORGH.
   996 | D:1      | 996 ||| DRINKING 2 coppery potions.
   997 | D:1      | 997 ||| DROPPING potion of brilliance.
  1081 | D:2      | Noticed Jessica
  1082 | D:2      | 1082 ||| Stepping ~*~*~tactically~*~*~ (hiding).
  1088 | D:2      | Killed Jessica
  1089 | D:2      | Reached skill level 4 in Axes
  1089 | D:2      | Reached XP level 3. HP: 16/31 MP: 2/2
  1273 | D:2      | 1273 ||| Stepping ~*~*~tactically~*~*~ (stealth).
  1312 | D:2      | 1312 ||| Stepping ~*~*~tactically~*~*~ (stealth).
  1369 | D:2      | Reached skill level 5 in Axes
  1527 | D:2      | Reached skill level 1 in Dodging
  1527 | D:2      | Reached XP level 4. HP: 39/39 MP: 3/3
  1742 | D:2      | 1742 ||| UPGRADING to ring of positive energy.
  1743 | D:2      | 1743 ||| READING scroll labelled OXTUNO WOONITO.
  1744 | D:2      | 1744 ||| READING 3 scrolls labelled MOFUZA QEMI.
  1748 | D:2      | 1748 ||| READING scroll labelled SEYCUMOMAOGG.
  1783 | D:3      | 1783 ||| STAIRDANCE
  1843 | D:3      | 1843 ||| Stepping ~*~*~tactically~*~*~ (hiding).
  1911 | D:3      | 1911 ||| DROPPING +0 club.
  2009 | D:3      | 2009 ||| Stepping ~*~*~tactically~*~*~ (stealth).
  2011 | D:3      | 2011 ||| Stepping ~*~*~tactically~*~*~ (stealth).
  2021 | D:3      | 2021 ||| Stepping ~*~*~tactically~*~*~ (stealth).
  2211 | D:3      | 2211 ||| Stepping ~*~*~tactically~*~*~ (hiding).
  2212 | D:3      | 2212 ||| Stepping ~*~*~tactically~*~*~ (hiding).
  2214 | D:3      | 2214 ||| Stepping ~*~*~tactically~*~*~ (hiding).
  2223 | D:3      | Reached skill level 6 in Axes
  2223 | D:3      | Reached XP level 5. HP: 42/45 MP: 4/4
  2253 | D:3      | 2253 ||| DROPPING +0 whip.
  2260 | D:3      | Found a shimmering blue altar of Sif Muna.
  2747 | D:3      | Found a snail-covered altar of Cheibriados.
  2749 | D:3      | 2749 ||| READING 2 scrolls labelled LOMMET WOYLOQO.
  2750 | D:3      | 2750 ||| READING scroll labelled BUFUSE SIUNONO.
  2919 | D:3      | 2919 ||| Stepping ~*~*~tactically~*~*~ (hiding).
  2928 | D:3      | Reached skill level 7 in Axes
  3044 | D:3      | Found a glowing silver altar of Zin.
  3044 | D:3      | Found an opulent altar of Gozag.
  3044 | D:3      | You fall into a shaft and drop 1 floor!
  3063 | D:4      | 3063 ||| DRINKING 3 silvery potions.
  3064 | D:4      | 3064 ||| DROPPING scroll of vulnerability.
  3067 | D:4      | 3067 ||| Stepping ~*~*~tactically~*~*~ (stealth).
  3079 | D:4      | 3079 ||| Stepping ~*~*~tactically~*~*~ (stealth).
  3082 | D:4      | 3082 ||| Stepping ~*~*~tactically~*~*~ (stealth).
  3208 | D:3      | 3208 ||| READING 3 scrolls labelled ACVUKI BEXYA.
  3209 | D:3      | 3209 ||| READING 2 scrolls of identify.
  3209 | D:3      | 3209 ||| IDENTIFYING viscous white potion
  3293 | D:4      | Found a transporter.
  3299 | D:4      | Noticed qw's ghost (amateur FoCA)
  3306 | D:4      | Reached XP level 6. HP: 47/52 MP: 5/5
  3403 | D:4      | 3403 ||| FLEEEEING.
  3404 | D:4      | 3404 ||| FLEEEEING.
  3405 | D:4      | 3405 ||| FLEEEEING.
  3408 | D:4      | 3408 ||| FLEEEEING.
  3409 | D:4      | 3409 ||| FLEEEEING.
  3410 | D:4      | 3410 ||| FLEEEEING.
  3411 | D:4      | 3411 ||| STAIRDANCE
  3463 | D:3      | 3463 ||| READING 2 scrolls labelled QODAUDGHOUNA.
  3464 | D:3      | 3464 ||| DROPPING scroll of noise.
  3467 | D:4      | 3467 ||| STAIRDANCE
  3528 | D:4      | 3528 ||| STAIRDANCE
  3550 | D:4      | 3550 ||| STAIRDANCE
  3643 | D:4      | 3643 ||| DRINKING 2 potions of curing.
  3643 | D:4      | 3643 ||| (to cure confusion)
  3664 | D:4      | 3664 ||| SWAPPING to +2 war axe of venom.
  3665 | D:4      | 3665 ||| DROPPING +1 war axe.
  3676 | D:4      | Found a transporter.
  3678 | D:4      | 3678 ||| Stepping ~*~*~tactically~*~*~ (hiding).
  3697 | D:4      | HP: 13/52 [gnoll/+0 spear[a gnoll bouda] (2)]
  3698 | D:4      | 3698 ||| READING 2 scrolls of teleportation.
  3701 | D:4      | Reached skill level 8 in Axes
  3702 | D:4      | Found a transporter.
  3702 | D:4      | Noticed a steam dragon
  3709 | D:4      | Noticed a yak
  4026 | D:4      | 4026 ||| Stepping ~*~*~tactically~*~*~ (stealth).
  4053 | D:4      | 4053 ||| Stepping ~*~*~tactically~*~*~ (stealth).
  4054 | D:4      | Paralysed by a goblin for 5 turns
  4301 | D:4      | 4301 ||| Stepping ~*~*~tactically~*~*~ (stealth).
  4320 | D:4      | 4320 ||| FLEEEEING.
  4321 | D:4      | 4321 ||| FLEEEEING.
  4322 | D:4      | 4322 ||| FLEEEEING.
  4323 | D:4      | 4323 ||| FLEEEEING.
  4324 | D:4      | 4324 ||| FLEEEEING.
  4325 | D:4      | 4325 ||| FLEEEEING.
  4326 | D:4      | 4326 ||| FLEEEEING.
  4327 | D:4      | 4327 ||| FLEEEEING.
  4328 | D:4      | 4328 ||| FLEEEEING.
  4338 | D:4      | Reached skill level 9 in Axes
  4338 | D:4      | Reached XP level 7. HP: 49/59 MP: 6/6
  4458 | D:4      | Found a basalt altar of Yredelemnul.
  4459 | D:4      | Found a transporter.
  4952 | D:4      | 4952 ||| UPGRADING to +0 chain mail.
  4962 | D:4      | 4962 ||| DROPPING +0 scale mail.
  4963 | D:4      | 4963 ||| READING scroll labelled CEIRHI QYSK.
  5132 | D:5      | Entered Level 5 of the Dungeon
  5219 | D:5      | 5219 ||| DROPPING +0 flail.
  5304 | D:5      | Noticed Menkaure
  5307 | D:5      | Killed Menkaure
  5308 | D:5      | Reached skill level 10 in Axes
  5316 | D:5      | Reached XP level 8. HP: 40/70 MP: 7/7
  5348 | D:5      | 5348 ||| Stepping ~*~*~tactically~*~*~ (stealth).
  5351 | D:5      | 5351 ||| Stepping ~*~*~tactically~*~*~ (stealth).
  5493 | D:5      | Reached skill level 6 in Fighting
  5570 | D:5      | Found a runed translucent door.
  5571 | D:5      | Noticed Crazy Yiuf
  5622 | D:5      | 5622 ||| Stepping ~*~*~tactically~*~*~ (hiding).
  5623 | D:5      | 5623 ||| Stepping ~*~*~tactically~*~*~ (hiding).
  5624 | D:5      | 5624 ||| Stepping ~*~*~tactically~*~*~ (hiding).
  5791 | D:5      | 5791 ||| DRINKING 6 potions of curing.
  5791 | D:5      | 5791 ||| (to cure confusion)
  5794 | D:5      | 5794 ||| Stepping ~*~*~tactically~*~*~ (stealth).
  5795 | D:5      | 5795 ||| Stepping ~*~*~tactically~*~*~ (stealth).
  5802 | D:5      | 5802 ||| Stepping ~*~*~tactically~*~*~ (stealth).
  5811 | D:5      | Reached skill level 11 in Axes
  5998 | D:5      | 5998 ||| READING scroll labelled LEJIBE MOATSYE.
  5999 | D:5      | 5999 ||| READING scroll labelled TEHAUSM EFIA.
  6000 | D:5      | 6000 ||| READING 5 scrolls of identify.
  6000 | D:5      | 6000 ||| IDENTIFYING bubbling ruby potion
  6001 | D:5      | 6001 ||| READING 4 scrolls of identify.
  6001 | D:5      | 6001 ||| IDENTIFYING yellow potion
  6002 | D:5      | 6002 ||| READING 3 scrolls of identify.
  6002 | D:5      | 6002 ||| IDENTIFYING cyan potion
  6003 | D:5      | 6003 ||| DROPPING potion of berserk rage.
  6004 | D:5      | 6004 ||| DROPPING potion of magic.
  6005 | D:5      | 6005 ||| DROPPING potion of ambrosia.
  6057 | D:6      | 6057 ||| STAIRDANCE
  6075 | D:6      | 6075 ||| STAIRDANCE
  6216 | D:6      | 6216 ||| STAIRDANCE
  6268 | D:6      | 6268 ||| STAIRDANCE
  6305 | D:6      | 6305 ||| STAIRDANCE
  6594 | D:6      | 6594 ||| Stepping ~*~*~tactically~*~*~ (hiding).
  6596 | D:6      | 6596 ||| Stepping ~*~*~tactically~*~*~ (hiding).
  6604 | D:6      | Reached skill level 12 in Axes
  6681 | D:6      | Found a staircase to the Ecumenical Temple.
  6682 | D:6      | 6682 ||| PLANNING TEMPLE
  6715 | Temple   | Entered the Ecumenical Temple
  6741 | Temple   | Became a worshipper of Ru the Awakened
  6884 | Temple   | 6884 ||| PLANNING D:1-11
  7009 | D:6      | Reached XP level 9. HP: 79/79 MP: 8/8
  7133 | D:6      | 7133 ||| Stepping ~*~*~tactically~*~*~ (hiding).
  7152 | D:6      | 7152 ||| FLEEEEING.
  7160 | D:6      | Reached skill level 13 in Axes
  7166 | D:6      | HP: 18/79 [hound (3)]
  7167 | D:6      | 7167 ||| READING scroll of teleportation.
  7172 | D:6      | HP: 8/78 [centaur (6)]
  7515 | D:6      | Found a burning altar of Makhleb.
  7693 | D:6      | Noticed Pikel
  7696 | D:6      | 7696 ||| Stepping ~*~*~tactically~*~*~ (stealth).
  7702 | D:6      | Killed Pikel
  7703 | D:6      | Reached skill level 6 in Shields
  7880 | D:6      | 7880 ||| Stepping ~*~*~tactically~*~*~ (stealth).
  7893 | D:6      | 7893 ||| Stepping ~*~*~tactically~*~*~ (stealth).
  7899 | D:6      | 7899 ||| Stepping ~*~*~tactically~*~*~ (stealth).
  7906 | D:6      | 7906 ||| Stepping ~*~*~tactically~*~*~ (stealth).
  7907 | D:6      | 7907 ||| Stepping ~*~*~tactically~*~*~ (stealth).
  7942 | D:6      | 7942 ||| Stepping ~*~*~tactically~*~*~ (stealth).
  7950 | D:6      | 7950 ||| Stepping ~*~*~tactically~*~*~ (stealth).
  7955 | D:6      | 7955 ||| Stepping ~*~*~tactically~*~*~ (stealth).
  7956 | D:6      | 7956 ||| Stepping ~*~*~tactically~*~*~ (stealth).
  7988 | D:6      | 7988 ||| FLEEEEING.
  7989 | D:6      | 7989 ||| FLEEEEING.
  8048 | D:6      | 8048 ||| Stepping ~*~*~tactically~*~*~ (stealth).
  8049 | D:6      | 8049 ||| Stepping ~*~*~tactically~*~*~ (stealth).
  8211 | D:6      | 8211 ||| UPGRADING to +0 ice dragon scales.
  8221 | D:6      | 8221 ||| UPGRADING to amulet of guardian spirit.
  8226 | D:6      | 8226 ||| UPGRADING to ring of fire.
  8228 | D:6      | 8228 ||| READING scroll labelled CADDIDOATH.
  8229 | D:6      | 8229 ||| DRINKING 2 bubbling puce potions.
  8230 | D:6      | 8230 ||| DRINKING 2 ruby potions.
  8231 | D:6      | 8231 ||| READING 3 scrolls of identify.
  8231 | D:6      | 8231 ||| IDENTIFYING purple potion
  8232 | D:6      | 8232 ||| DROPPING potion of flight.
  8233 | D:6      | 8233 ||| DROPPING potion of attraction.
  8234 | D:6      | 8234 ||| DROPPING potion of invisibility.
  8262 | D:5      | Noticed a rust devil
  8262 | D:5      | Noticed a rust devil
  8271 | D:5      | HP: 14/81 [rust devil (10)]
  8271 | D:5      | Slain by an orc warrior

Levels and vault maps discovered:
D:1:      wander_arrival_estate, layout_basic
D:2:      layout_basic, grunt_decor_cap, kennysheep_generic_room_6, uniq_jessica
D:3:      minmay_diamond_boxcup, layout_loops_ring,
          grunt_temple_overflow_gold_and_silver, chei_slow_surprise,
          general_overflow_altar, kennysheep_cluttered_room
D:4:      layout_basic, gammafunk_temple_overflow_arena, serial_glass,
          glass_columns_a, glass_columns_c, gammafunk_ghost_arena,
          minmay_tree_intersection, chequers_big_river, minmay_crystal_water,
          minmay_vboxes
D:5:      cheibrodos_iron_armory, layout_basic, uniq_menkaure,
          uniq_crazy_yiuf_cottage
D:6:      layout_basic, makhleb_blood_cavern_becter, minmay_temple_entry_ruins,
          chequers_avenue, minmay_alternating_orb, uniq_pikel
Temple:   chequers_temple_sunken

Skill      XL: |  1  2  3  4  5  6  7  8  9 |
---------------+----------------------------+-----
Axes           | 3 4 5 6 7 9 10 12 13 | 13.5
Dodging        | 1 2 |  2.3
Fighting       | 4 5 7 8 |  8.0
Shields        | 4 6 |  6.8
Armour         | 4 |  4.1

Action                   |  1- 3 |  4- 6 |  7- 9 || total
-------------------------+-------+-------+-------++-------
Melee: War axe           |    60 |   149 |   160 ||   369
       Headbutt          |     4 |    24 |    29 ||    57
  Use: Scroll            |     3 |     9 |     9 ||    21
       Potion            |     1 |     2 |     3 ||     6
Armor: Scale mail        |    26 |    58 |     1 ||    85
       Chain mail        |       |       |    60 ||    60
       Ice dragon scales |       |       |     2 ||     2
Dodge: Dodged            |    19 |    66 |    58 ||   143
Block: Buckler           |     9 |    30 |    35 ||    74

Table legend:
 A = Non-vault XP
 B = Vault XP
 C = Vault XP percentage of total XP
 D = Non-vault monster count
 E = Vault monster count
 F = Vault count percentage of total count
                 A         B        C        D         E       F
            +---------+---------+-------+---------+---------+-------
      Total |    2610 |    2312 |  47.0 |     123 |      41 |  25.0
            +---------+---------+-------+---------+---------+-------
        D:1 |      25 |       0 |   0.0 |      15 |       0 |   0.0
        D:2 |      34 |      43 |  55.8 |      14 |       5 |  26.3
        D:3 |     173 |      58 |  25.1 |      33 |      10 |  23.3
        D:4 |     429 |     256 |  37.4 |      24 |       8 |  25.0
        D:5 |    1074 |     172 |  13.8 |      24 |       1 |   4.0
        D:6 |     875 |    1783 |  67.1 |      13 |      17 |  56.7
            +---------+---------+-------+---------+---------+-------
